 Dungeon Crawl Stone Soup version 0.28.0-47-ge53b351184 (webtiles) character file.

Game seed: 3116401221947356951

2249 EWolf27 the Jinx (level 9, -7/48 HPs)
             Began as a Vampire Enchanter on Mar 28, 2022.
             Was an Initiate of Ashenzari.
             Mangled by a two-headed ogre
             ... wielding a +0 giant club
              (31 damage)
             ... on level 8 of the Dungeon on May 6, 2022.
             The game lasted 00:44:45 (9954 turns).

EWolf27 the Jinx (Vampire Enchanter)                Turns: 9954, Time: 00:44:46

Health: -7/48      AC:  7    Str:  7    XL:     9   Next: 15%
Magic:  9/18       EV: 12    Int: 22    God:    Ashenzari [......]
Gold:   385        SH:  5    Dex: 16    Spells: 12/20 levels left

rFire   . . .      SeeInvis +   a - +3 dagger
rCold   + + .      Faith    .   u - +0 buckler
rNeg    + + +      Spirit   .   b - +0 robe
rPois   ∞          Reflect  .   n - +2 helmet
rElec   +          Harm     .   j - scarf {shadows}
rCorr   .          Rampage  .   F - +1 pair of gloves "Nuotais" {SInv}
Will    .....                   (no boots)
Stlth   ++++++....              (no amulet)
HPRegen 0.00/turn               v - ring of the Gloaming {rElec rPois Dex+2}
MPRegen 0.16/turn               (no ring)

@: bloodless, inhibited regen
A: bloodless, fangs 3, see invisible, vampiric 2
a: Bat Form, Revivify, Renounce Religion, Curse Item


You were on level 8 of the Dungeon.
You worshipped Ashenzari.
Ashenzari was noncommittal.
You visited 2 branches of the dungeon, and saw 9 of its levels.

You collected 385 gold pieces.

Inventory:

Hand Weapons
 a - a +3 dagger (weapon)
 D - a +2 whip of flaming
Missiles
 f - 11 poisoned darts (quivered)
 o - 9 boomerangs
 q - a curare-tipped dart
 t - a throwing net
Armour
 b - a +0 robe (worn)
 j - a scarf of shadows (worn)
 n - a +2 helmet (worn)
 u - a +0 buckler (worn)
 F - the +1 pair of gloves "Nuotais" (worn) {SInv}
   (You found it on level 7 of the Dungeon)

   SInv:      It lets you see invisible.
Jewellery
 v - the ring of the Gloaming (left hand) {rElec rPois Dex+2}
   (You found it on level 5 of the Dungeon)

   [ring of poison resistance]

   Dex:       It affects your dexterity (+2).
   rElec:     It insulates you from electricity.
   rPois:     It protects you from poison.
 G - a ring of ice
Scrolls
 d - a scroll of amnesia {unknown}
 h - a scroll of holy word {unknown}
 i - a scroll of fog {unknown}
 k - 2 scrolls of silence
 m - a scroll of magic mapping {unknown}
 r - 2 scrolls of noise {unknown}
 s - 2 scrolls of teleportation {unknown}
 x - a scroll of enchant weapon {unknown}
 y - a scroll of immolation {unknown}
 C - 2 scrolls of identify
 E - a scroll of vulnerability {unknown}
Potions
 c - a potion of invisibility
 g - a potion of lignification
 l - a potion of brilliance {unknown}
 p - 2 potions of attraction
 w - 2 potions of curing
 z - a potion of mutation {unknown}
 A - a potion of heal wounds {unknown}
 B - a potion of magic {unknown}


   Skills:
 + Level 2.1 Fighting
 - Level 1.5 Short Blades
 - Level 0.1 Throwing
 - Level 2.2 Dodging
 - Level 9.0 Stealth
 - Level 4.0 Shields
 + Level 6.4 Spellcasting
 + Level 9.7 Hexes
 - Level 3.0 Ice Magic


You had 12 spell levels left.
You knew the following spells:

 Your Spells              Type           Power      Damage    Failure   Level
a - Ensorcelled Hibernat  Hex/Ice        70%        N/A       1%          2
b - Confusing Touch       Hex            50%        N/A       1%          3
c - Tukima's Dance        Hex            50%        N/A       1%          3

Your spell library contained the following spells:

 Spells                   Type           Power      Damage    Failure   Level
 Dazzling Flash           Conj/Hex       56%        N/A       4%          3
 Frozen Ramparts          Ice            40%        1d6       10%         3
 Anguish                  Hex/Necr       14%        N/A       14%         4
 Corpse Rot               Necr/Air       14%        N/A       17%         2
 Poisonous Vapours        Pois/Air       14%        N/A       17%         2
 Spider Form              Tmut/Pois      7%         N/A       32%         3
 Ice Form                 Ice/Tmut       13%        N/A       52%         4
 Summon Ice Beast         Ice/Summ       13%        N/A       52%         4
 Fireball                 Conj/Fire      3%         3d4       97%         5
 Iskenderun's Battlesphe  Conj           7%         2d6       97%         5
 Conjure Ball Lightning   Conj/Air       3%         3x3d6     100%        6
 Orb of Destruction       Conj           3%         9d5       100%        7


Dungeon Overview and Level Annotations

Branches:
Dungeon (8/15)             Temple (1/1) D:7
   Lair: D:8-11

Altars:
Ashenzari
Cheibriados
Dithmenos
Elyvilon
Fedhas
Gozag
Kikubaaqudgha
Makhleb
Nemelex Xobeh
Ru
Sif Muna
Trog
Uskayaw
Vehumet
Wu Jian
Yredelemnul
Zin
The Shining One

Annotations:
D:5 exclusion: ice beast
D:6 3 runed translucent doors, dangdung's ghost, novice OpTm
D:7 exclusion: downstairs
D:8 Harold


Innate Abilities, Weirdness & Mutations

You do not regenerate when monsters are visible.
You are frail without blood (-20% HP).
You can heal yourself when you bite living creatures.
You are immune to poison.
You have razor-sharp teeth.
You have supernaturally acute eyesight. (SInv)
You are afflicted with vampirism and can become a bat while bloodless.


Message History

There is an open door here.
Casting: Ensorcelled Hibernation (safe; 1% risk of failure)
Confirm with . or Enter, or press ? or * to list all spells.
Aiming: Ensorcelled Hibernation (safe; 1% risk of failure)
Press: ? - help, Shift-Dir - straight line, f - two-headed ogre
Aim: a two-headed ogre, wielding two +0 giant clubs (chance to affect: 46%)
The two-headed ogre resists with some effort.
Casting: Ensorcelled Hibernation (safe; 1% risk of failure)
Confirm with . or Enter, or press ? or * to list all spells.
Aiming: Ensorcelled Hibernation (safe; 1% risk of failure)
Press: ? - help, Shift-Dir - straight line, f/p - two-headed ogre
Aim: a two-headed ogre, wielding two +0 giant clubs (chance to affect: 46%)
The two-headed ogre looks drowsy...
The helpless two-headed ogre fails to defend itself.
You bite the two-headed ogre, and draw its blood!
You impale the two-headed ogre!!
The two-headed ogre is severely wounded.
The two-headed ogre hits you with a +0 giant club!
The two-headed ogre misses you.
You hear a shout!
Casting: Ensorcelled Hibernation (safe; 1% risk of failure)
Confirm with . or Enter, or press ? or * to list all spells.
Aiming: Tukima's Dance (safe; 1% risk of failure)
Press: ? - help, Shift-Dir - straight line, f/p - two-headed ogre
Aim: a two-headed ogre, wielding two +0 giant clubs (severely wounded, chance to affect: 54%)
The two-headed ogre resists with significant effort.
You block the two-headed ogre's attack. The two-headed ogre barely misses you.
Casting: Tukima's Dance (safe; 1% risk of failure)
Confirm with . or Enter, or press ? or * to list all spells.
Aiming: Tukima's Dance (safe; 1% risk of failure)
Press: ? - help, Shift-Dir - straight line, f/p - two-headed ogre
Aim: a two-headed ogre, wielding two +0 giant clubs (severely wounded, chance to affect: 54%)
The two-headed ogre resists with significant effort.
The two-headed ogre misses you.
The two-headed ogre hits you with a +0 giant club!
As you read the scroll of summoning, it crumbles to dust.
Wisps of shadow whirl around you...
The two-headed ogre hits you with a +0 giant club!!
Ouch! That really hurt!
You die...

############
#....<.....# ###
#..........######..
#...............)..
#.....####.##..####
#######..####)##
##..##....#...#####
#....'....####...#.
#.@SZ##..##..##..#.
##Oo###+#'.)..#....
#o## ##....#....
#?o..## ##..##...#
#)... ##)##..(#
##.Z# ##..##... ##+
#....#.#. #....'.#.
+#..####.


You could see a two-headed ogre (ally target), an orc, a hornet zombie, a
friendly water moccasin (summoned), a friendly orc (summoned) and a friendly
centaur zombie (summoned).

Vanquished Creatures
  A hornet (D:8)
  An ice beast (D:7)
  A black bear (D:6)
  A hornet zombie (D:6)
  2 orc warriors
  A sky beast (D:5)
  An ogre (D:5)
  4 centaurs
  A phantom (D:6)
  A kobold brigand (D:7)
  4 scorpions
  A wyvern zombie (D:5)
  3 bullfrogs
  A water moccasin skeleton (D:6)
  A centaur zombie (D:8)
  3 hounds
  A jelly (D:5)
  2 centaur skeletons
  2 iguanas (D:4)
  The ghost of 101zpm the Skirmisher, a weakling GrFi (D:5)
  Robin (D:2)
  A howler monkey skeleton (D:7)
  3 adders
  An adder skeleton (D:4)
  3 worms
  5 dart slugs
  12 orcs
  4 bats
  5 endoplasms
  2 giant cockroaches
  14 goblins
  5 hobgoblins
  A quokka (D:1)
  6 ball pythons
  6 frilled lizards
  8 kobolds
  5 rats
115 creatures vanquished.

Vanquished Creatures (collateral kills)
  An orc (D:7)
  A kobold (D:7)
2 creatures vanquished.

Vanquished Creatures (others)
  2 dancing weapons
2 creatures vanquished.

Grand Total: 119 creatures vanquished

Notes
Turn   | Place    | Note
-------+----------+-------------------------------------------
     0 | D:1      | EWolf27 the Vampire Enchanter began the quest for the Orb.
     0 | D:1      | Reached XP level 1. HP: 13/13 MP: 3/3
   412 | D:1      | Reached XP level 2. HP: 5/19 MP: 5/5
   601 | D:1      | Learned a level 2 spell: Ensorcelled Hibernation
   601 | D:1      | Upgraded the game from 0.28.0-43-g3370ac3207 to
                  | 0.28.0-45-g0d030f2227
  1093 | D:1      | Reached skill level 5 in Hexes
  1172 | D:2      | Reached skill level 5 in Stealth
  1175 | D:2      | Found a faded altar of an unknown god.
  1375 | D:2      | Gained mutation: You are afflicted with vampirism and can
                  | become a bat while bloodless. [Vampire growth]
  1375 | D:2      | Reached XP level 3. HP: 23/24 MP: 6/6
  1384 | D:2      | Learned a level 3 spell: Confusing Touch
  1436 | D:2      | Noticed Robin
  1678 | D:2      | Killed Robin
  1679 | D:2      | Reached skill level 1 in Ice Magic
  2356 | D:2      | Reached XP level 4. HP: 30/30 MP: 0/7
  3625 | D:4      | Found an ornate altar of the Wu Jian Council.
  4004 | D:4      | Reached XP level 5. HP: 35/35 MP: 4/9
  4502 | D:4      | Learned a level 3 spell: Tukima's Dance
  4547 | D:5      | Entered Level 5 of the Dungeon
  4634 | D:5      | Identified the ring of the Gloaming {rElec rPois Dex+2}
  4746 | D:5      | Noticed an ice beast
  4759 | D:5      | Noticed a sky beast
  4772 | D:5      | Reached XP level 6. HP: 41/41 MP: 7/10
  4814 | D:5      | Killed a sky beast
  4815 | D:5      | Reached skill level 1 in Shields
  4892 | D:5      | Found a runed translucent door.
  4896 | D:5      | Noticed 101zpm's ghost (weakling GrFi)
  4973 | D:5      | Found a basalt altar of Yredelemnul.
  5353 | D:5      | Reached XP level 7. HP: 32/46 MP: 9/12
  5501 | D:5      | Found a sparkling altar of Nemelex Xobeh.
  5895 | D:5      | Killed 101zpm's ghost
  6639 | D:6      | Reached XP level 8. HP: 42/42 MP: 5/14
  6924 | D:6      | Reached skill level 1 in Fighting
  7198 | D:6      | Found a runed translucent gate.
  7198 | D:6      | Found a runed translucent gate.
  7198 | D:6      | Found a runed translucent gate.
  7268 | D:6      | Upgraded the game from 0.28.0-45-g0d030f2227 to
                  | 0.28.0-47-ge53b351184
  7659 | D:6      | Reached skill level 5 in Spellcasting
  8104 | D:6      | Noticed dangdung's ghost (novice OpTm)
  8492 | D:7      | Found a staircase to the Ecumenical Temple.
  8502 | Temple   | Entered the Ecumenical Temple
  8629 | Temple   | Became a worshipper of Ashenzari the Shackled
  9236 | D:7      | Identified the +1 pair of gloves "Nuotais" {SInv}
  9529 | D:8      | Noticed Harold
  9571 | D:8      | Noticed a hornet
  9668 | D:8      | Killed a hornet
  9669 | D:8      | Reached XP level 9. HP: 37/48 MP: 14/18
  9945 | D:8      | Noticed a two-headed ogre
  9954 | D:8      | Mangled by a two-headed ogre

Illustrated notes

Levels and vault maps discovered:
D:1:      sevenhm_arrival_forest_fort_large_2, layout_rooms
D:2:      layout_basic, hellmonk_ecumenical_altar_crossroads, minmay_cupped,
          uniq_robin
D:3:      layout_rooms, minmay_parallelograms
D:4:      layout_gridville, general_overflow_altar
D:5:      layout_rooms, lemuel_round_altar, nemelex_dance_club_becter,
          ebering_ghost_reflecting_pool
D:6:      layout_layer_cave, gammafunk_ghost_icy
D:7:      layout_rooms, nicolae_overflow_hidden_temple,
          minmay_temple_entry_nine_rooms
D:8:      minmay_bubble_buster, layout_rooms, mainiacjoe_overflow_paths,
          xom_shifter_show, hangedman_ranch, uniq_harold
Temple:   regret_index_temple_generic_petals

Skill      XL: |  1  2  3  4  5  6  7  8  9 |
---------------+----------------------------+-----
Hexes          | 5 6 7 9 |  9.7
Stealth        | 5 6 7 9 |  9.0
Ice Magic      | 1 2 3 |  3.0
Spellcasting   | 3 4 6 |  6.4
Shields        | 1 2 4 |  4.0
Fighting       | 1 2 |  2.1
Short Blades   | |  1.5
Throwing       | |  0.1
Dodging        | |  2.2

Action                   |  1- 3 |  4- 6 |  7- 9 || total
-------------------------+-------+-------+-------++-------
Melee: Dagger            |   153 |    59 |   118 ||   330
       Bite              |    12 |     7 |    15 ||    34
       Punch             |     1 |       |       ||     1
Throw: Dart              |     5 |     2 |     6 ||    13
 Cast: Ensorcelled Hiber |    16 |    28 |    47 ||    91
       Tukima's Dance    |       |     1 |    11 ||    12
       Confusing Touch   |       |     1 |     6 ||     7
 Abil: Exsanguinate      |       |       |     1 ||     1
  Use: Scroll            |       |     5 |     1 ||     6
 Stab: Sleeping          |    13 |    22 |    26 ||    61
       Distracted        |     1 |       |       ||     1
       Confused          |       |     2 |     7 ||     9
Armor: Robe              |    38 |    22 |    35 ||    95
Dodge: Dodged            |   102 |    32 |    70 ||   204
Block: Buckler           |       |     1 |    36 ||    37
